 Dungeon Crawl Stone Soup version 0.28.0-43-g3370ac3207 (webtiles) character file.

Game seed: 17130505960619987077

422 ndowd the Grave Robber (level 6, -9/48 HPs)
             Began as a Ghoul Necromancer on Mar 22, 2022.
             Was an Initiate of Makhleb.
             Mangled by an ogre
             ... wielding a +0 giant spiked club
              (25 damage)
             ... on level 4 of the Dungeon.
             The game lasted 01:05:12 (5333 turns).

ndowd the Grave Robber (Ghoul Necromancer)          Turns: 5333, Time: 01:05:14

Health: -9/48      AC:  3    Str: 18    XL:     6   Next: 95%
Magic:  1/9        EV: 11    Int: 12    God:    Makhleb [......]
Gold:   138        SH:  0    Dex:  9    Spells: 6/11 levels left

rFire   . . .      SeeInvis .   m - staff of death
rCold   + . .      Faith    .   (no shield)
rNeg    + + +      Spirit   .   e - +0 leather armour
rPois   ∞          Reflect  .   (no helmet)
rElec   .          Harm     .   (no cloak)
rCorr   .          Rampage  .   (no gloves)
Will    .....                   (no boots)
Stlth   ++........              (no amulet)
HPRegen 0.00/turn               I - +6 ring of strength
MPRegen 0.11/turn               (no ring)

@: inhibited regen
A: claws 1, cold resistance 1, negative energy resistance 3, inhibited
regeneration, torment resistance 2
a: Renounce Religion


You were on level 4 of the Dungeon.
You worshipped Makhleb.
Makhleb was noncommittal.
You visited 1 branch of the dungeon, and saw 5 of its levels.

You collected 138 gold pieces.

Inventory:

Hand Weapons
 c - a +0 hunting sling
 d - a +3 whip
 f - a +0 club
 g - a +0 dagger
 h - a +0 hand axe
 k - a +0 dagger
 l - a +0 club
 r - a +4 vampiric dagger
 u - a +0 short sword
 w - a +0 dagger
 y - a +0 dagger
 A - a +2 whip of venom
 D - a +0 whip
Missiles
 b - 94 stones (quivered)
 j - 34 sling bullets
 t - 27 arrows
 z - 3 boomerangs
 G - 19 bolts
Armour
 a - a +0 robe
 e - a +0 leather armour (worn)
 s - a +0 scale mail
 x - a +0 buckler
 E - a +0 robe
Magical Staves
 m - a staff of death (weapon)
Jewellery
 I - a +6 ring of strength (left claw)
Wands
 i - a wand of mindburst (9)
Scrolls
 q - a scroll of vulnerability
 v - a scroll of amnesia
Potions
 n - a potion of magic
 o - a potion of flight {unknown}
 p - a potion of lignification


   Skills:
 + Level 2.1 Fighting
 + Level 2.6 Staves
 + Level 2.9 Armour
 - Level 2.3 Dodging
 - Level 3.0 Stealth
 - Level 3.0 Spellcasting
 - Level 0.2 Conjurations
 - Level 4.0 Necromancy
 + Level 0.7 Air Magic
 + Level 1.0 Evocations


You had 6 spell levels left.
You knew the following spells:

 Your Spells              Type           Power      Damage    Failure   Level
a - Pain                  Necr           68%        1d7       5%          1
b - Corpse Rot            Necr/Air       22%        N/A       17%         2
c - Animate Skeleton      Necr           34%        N/A       5%          1
d - Shock                 Conj/Air       8%         1d3       24%         1

Your spell library contained the following spells:

 Spells                   Type           Power      Damage    Failure   Level
 Vampiric Draining        Necr           17%        2d7       17%         3
 Poisonous Vapours        Pois/Air       4%         N/A       36%         2
 Animate Dead             Necr           8%         N/A       50%         4
 Swiftness                Air            3%         N/A       54%         3
 Stone Arrow              Conj/Erth      4%         3d7       63%         3
 Agony                    Necr           17%        N/A       83%         5
 Airstrike                Air            1%         N/A       91%         4
 Animate Armour           Summ/Erth      2%         N/A       96%         4
 Lehudib's Crystal Spear  Conj/Erth      1%         10d2      100%        8


Dungeon Overview and Level Annotations

Branches:
Dungeon (5/15)
 Temple: D:4-7

Altars:
Makhleb
Zin

Shops:
D:1 =   D:2 :


Innate Abilities, Weirdness & Mutations

You thrive by killing the living.
You are immune to poison.
You have sharp fingernails.
Your flesh is cold resistant. (rC+)
You are immune to negative energy. (rN+++)
You do not regenerate when monsters are visible.
You are immune to unholy pain and torment.


Message History

Press: ? - help, Shift-Dir - straight line, f/p - ogre
Aim: an ogre, wielding a +0 giant spiked club (moderately wounded, chance to affect: 75%)
You feel a surge of power!
The ogre writhes in agony.
The ogre closely misses you.
Casting: Pain (safe; 5% risk of failure)
Confirm with . or Enter, or press ? or * to list all spells.
Aiming: Pain (safe; 5% risk of failure)
Press: ? - help, Shift-Dir - straight line, f/p - ogre
Aim: an ogre, wielding a +0 giant spiked club (heavily wounded, chance to affect: 75%)
You feel a surge of power!
The ogre writhes in agony.
The ogre closely misses you.
Casting: Pain (safe; 5% risk of failure)
Confirm with . or Enter, or press ? or * to list all spells.
Aiming: Pain (safe; 5% risk of failure)
Press: ? - help, Shift-Dir - straight line, f/p - ogre
Aim: an ogre, wielding a +0 giant spiked club (severely wounded, chance to affect: 75%)
You feel a surge of power!
The ogre struggles to resist.
The ogre hits you with a +0 giant spiked club!
Casting: Pain (safe; 5% risk of failure)
Confirm with . or Enter, or press ? or * to list all spells.
Aiming: Pain (safe; 5% risk of failure)
Press: ? - help, Shift-Dir - straight line, f/p - ogre
Aim: an ogre, wielding a +0 giant spiked club (severely wounded, chance to affect: 75%)
You feel a surge of power!
The ogre struggles to resist.
Casting: Pain (safe; 5% risk of failure)
Confirm with . or Enter, or press ? or * to list all spells.
Aiming: Pain (safe; 5% risk of failure)
Press: ? - help, Shift-Dir - straight line, f/p - ogre
Aim: an ogre, wielding a +0 giant spiked club (severely wounded, chance to affect: 75%)
You feel a surge of power!
The ogre writhes in agony.
The ogre closely misses you.
Casting: Pain (safe; 5% risk of failure)
Confirm with . or Enter, or press ? or * to list all spells.
Aiming: Pain (safe; 5% risk of failure)
Press: ? - help, Shift-Dir - straight line, f/p - ogre
Aim: an ogre, wielding a +0 giant spiked club (severely wounded, chance to affect: 75%)
You feel a surge of power!
The ogre writhes in agony.
The ogre hits you with a +0 giant spiked club!!
Ouch! That really hurt!
You die...

#.###.##..#####...###.#
####.
#.###.##..............#
#....
#........#######.######
#.#.. #####.#### #.# #.#.#
#.# ##'## #.#.# ##.# ##...##
#.... #..## ##.....## ###.#
#.#.## ##.......## ##..#
#....####@O.......####...#
#.......'.........'.......
###....####.........####..#.
#........###.......## ##.###
#.#...##.# ##.....## #.## #
#.###.##.# ##...## ##.###
#.# #.##.# ##'## ##.#)
#.###.##.# #.####### ##..
#........# #.......# ##.


You could see an ogre.

Vanquished Creatures
  A necrophage (D:5)
  An ogre (D:5)
  A water moccasin skeleton (D:4)
  A centaur skeleton (D:5)
  An iguana (D:5)
  8 adders
  An ufetubus (D:4)
  3 worms
  3 dart slugs
  6 orcs (D:3)
  3 ball pythons
  5 bats
  8 endoplasms
  4 hobgoblins
  2 quokkas
  2 frilled lizards
  5 goblins
  5 kobolds
  4 rats
64 creatures vanquished.

Vanquished Creatures (others)
  A fungus (D:1)
  2 plants (D:1)
3 creatures vanquished.

Grand Total: 67 creatures vanquished

Notes
Turn   | Place    | Note
-------+----------+-------------------------------------------
     0 | D:1      | ndowd the Ghoul Necromancer began the quest for the Orb.
     0 | D:1      | Reached XP level 1. HP: 14/14 MP: 2/2
   135 | D:1      | Found Wosoomuz's Jewellery Boutique.
   180 | D:1      | Reached XP level 2. HP: 17/20 MP: 2/4
   582 | D:1      | Found a faded altar of an unknown god.
   843 | D:2      | Learned a level 2 spell: Corpse Rot
   919 | D:2      | Reached XP level 3. HP: 18/26 MP: 3/5
  1063 | D:2      | Learned a level 1 spell: Animate Skeleton
  1351 | D:2      | Reached XP level 4. HP: 25/33 MP: 2/7
  1498 | D:2      | Reached skill level 1 in Armour
  1536 | D:2      | Found Moclemof's Book Shoppe.
  2247 | D:3      | Found a burning altar of Makhleb.
  2260 | D:3      | Became a worshipper of Makhleb the Destroyer
  3442 | D:4      | Reached XP level 5. HP: 37/39 MP: 8/8
  3760 | D:4      | Reached skill level 1 in Staves
  3961 | D:4      | Found Istuch's Antique Armour Emporium.
  4051 | D:4      | Learned a level 1 spell: Shock
  4052 | D:5      | Entered Level 5 of the Dungeon
  4052 | D:5      | Noticed an ogre
  4055 | D:5      | Noticed an ogre
  4111 | D:5      | Noticed a necrophage
  4157 | D:5      | Killed a necrophage
  4158 | D:5      | Reached skill level 1 in Fighting
  4158 | D:5      | Reached XP level 6. HP: 10/47 MP: 6/9
  4493 | D:4      | Reached skill level 1 in Evocations
  4970 | D:5      | Noticed a two-headed ogre
  5333 | D:4      | Mangled by an ogre

Illustrated notes

Levels and vault maps discovered:
D:1:      lightli_arrival_statue_moat, layout_loops_cross,
          shapermc_ecumenical_altar_ellora, serial_shops, nicolae_diamond_shop
D:2:      layout_loops_ring, serial_shops, shop_fountains
D:3:      layout_basic, lemuel_round_altar, dk_noncrumbling_4
D:4:      layout_loops_corners, zin_academy, serial_shops, shop
D:5:      layout_cave_pools, chequers_serial_rivers_micro_c

Skill      XL: |  1  2  3  4  5  6 |
---------------+-------------------+-----
Dodging        | 2 |  2.3
Spellcasting   | 2 3 |  3.0
Armour         | 1 2 |  2.9
Staves         | 2 |  2.6
Stealth        | 3 |  3.0
Fighting       | 1 2 |  2.1
Evocations     | 1 |  1.0
Conjurations   | |  0.2
Necromancy     | |  4.0
Air Magic      | |  0.7

Action                   |  1- 3 |  4- 6 || total
-------------------------+-------+-------++-------
Melee: Whip              |    13 |       ||    13
       Unarmed           |     2 |       ||     2
       Staff             |    33 |   164 ||   197
       Punch             |       |     1 ||     1
Throw: Stone             |     1 |    12 ||    13
       Dart              |       |    14 ||    14
       Boomerang         |       |     3 ||     3
 Cast: Pain              |    28 |    61 ||    89
       Animate Skeleton  |     2 |    17 ||    19
       Corpse Rot        |     1 |     3 ||     4
       Shock             |       |    12 ||    12
  Use: Scroll            |       |     8 ||     8
       Potion            |       |     6 ||     6
 Stab: Sleeping          |     3 |       ||     3
Armor: Leather armour    |    15 |    43 ||    58
Dodge: Dodged            |    30 |   133 ||   163
